 Dungeon Crawl Stone Soup version 0.30-a0-4-ga7cffc901d (webtiles) character file.

Game seed: 15045588209563349904

209 Setbun the Cutter (level 6, -4/35 HPs)
             Began as a Kobold Brigand on Aug 21, 2022.
             Slain by an orc
             ... wielding a +0 flail
              (9 damage)
             ... on level 3 of the Dungeon.
             The game lasted 00:02:01 (3446 turns).

Setbun the Cutter (Kobold Brigand)                  Turns: 3446, Time: 00:02:02

Health: -4/35      AC:  4    Str:  8    XL:     6   Next: 12%
Magic:  6/6        EV: 14    Int: 13    God:
Gold:   83         SH:  0    Dex: 18    Spells: 5/5 levels left

rFire   . . .      SeeInvis .    a - +2 dagger
rCold   . . .      Faith    .    (no shield)
rNeg    . . .      Spirit   .    b - +0 robe
rPois   .          Reflect  .    (no helmet)
rElec   .          Harm     .    c - +0 cloak
rCorr   .          Rampage  .    (no gloves)
Will    .....                    q - +0 pair of boots
Stlth   ++++......               (no amulet)
HPRegen 0.11/turn                (no ring)
MPRegen 0.10/turn                (no ring)

@: no status effects
A: small, no large weapons, nightstalker 3
a: no special abilities


You were on level 3 of the Dungeon.
You visited 1 branch of the dungeon, and saw 3 of its levels.

You collected 83 gold pieces.

Inventory:

Hand Weapons
 a - a +2 dagger (weapon)
Missiles
 d - 12 poisoned darts (quivered)
 e - 3 curare-tipped darts
Armour
 b - a +0 robe (worn)
 c - a +0 cloak (worn)
 q - a +0 pair of boots (worn)
Wands
 o - a wand of flame (4)
 p - a wand of charming (10)
Scrolls
 f - 4 scrolls of teleportation {unknown}
 g - a scroll of vulnerability {unknown}
 i - a scroll of identify {unknown}
 l - a scroll of blinking {unknown}
Potions
 h - a potion of haste
 j - a potion of attraction
 k - 3 potions of curing
 m - a potion of heal wounds {unknown}
 n - a potion of flight {unknown}
 r - a potion of resistance


   Skills:
 - Level 2.1 Fighting
 * Level 7.8 Short Blades
 - Level 2.1 Throwing
 - Level 1.2 Dodging
 - Level 5.3 Stealth


You had 5 spell levels left.
You didn't know any spells.
Your spell library contained the following spells:

 Spells                   Type           Power      Damage    Failure   Level
 Magic Dart               Conj           0%         1d3       30%         1
 Searing Ray              Conj           0%         2d4       43%         2
 Sublimation of Blood     Necr           0%         N/A       43%         2
 Fulminant Prism          Conj/Hex       0%         3d6       97%         4
 Petrify                  Tmut/Erth      0%         N/A       97%         4
 Irradiate                Conj/Tmut      0%         3d11      100%        5


Dungeon Overview and Level Annotations

Branches:
Dungeon (3/15)

Altars:


Innate Abilities, Weirdness & Mutations

You are small and have problems with some larger weapons.
You are completely attuned to the shadows.


Message History

You are too injured to fight recklessly!
You are too injured to fight recklessly!
You are too injured to fight recklessly!
You are too injured to fight recklessly!
You are too injured to fight recklessly!
You are too injured to fight recklessly!
You are too injured to fight recklessly!
You are too injured to fight recklessly!
You are too injured to fight recklessly!
You are too injured to fight recklessly!
You are too injured to fight recklessly!
You are too injured to fight recklessly!
You are too injured to fight recklessly!
You are too injured to fight recklessly!
You hit the orc priest but do no damage.
You hit the orc priest.
The orc priest is lightly wounded.
The orc hits you with a +0 flail.
* * * LOW HITPOINT WARNING * * *
You puncture the orc!
You kill the orc!
The orc priest closely misses you. The orc barely misses you.
You hit the orc priest but do no damage.
The orc priest is lightly wounded.
The jackal barely misses you.
You hit the orc priest.
The orc priest is lightly wounded.
The orc hits you with a +0 flail.
* * * LOW HITPOINT WARNING * * *
The orc priest hits you but does no damage.
The jackal misses you.
You hit the orc priest but do no damage.
The orc priest is lightly wounded.
You hit the orc priest.
The orc priest is moderately wounded.
The jackal barely misses you.
The orc priest hits you with a +0 war axe.
* * * LOW HITPOINT WARNING * * *
The orc hits you with a +0 flail!
You die...

####.#.######### #.##.....
#.#.# #########.##.....
####.#.# #.........##.....
.....#.# #................
######.###.........###.##.
......)...................
##########................#.#
...............)o..#......#.#
#..............o@h........#.#
#..................#......#.#
#.######........##.#........#
#.# #........##.#.....##.#
#.# #........##.########.#
..######.....<......).......#
.............)..##.......####
#.#..##.........########.#
..##..#.........# #.#


You could see an orc priest, an orc and a jackal.

Vanquished Creatures
  Ijyb (D:3)
  Natasha (thrice) (D:2)
  4 adders (D:2)
  A worm (D:2)
  2 dart slugs
  2 orcs (D:3)
  7 endoplasms
  6 giant cockroaches
  2 goblins (D:1)
  6 hobgoblins
  4 jackals (D:1)
  5 kobolds
  4 quokkas
  5 ball pythons
  A bat (D:1)
  3 frilled lizards
  7 rats
63 creatures vanquished.

Notes
Turn   | Place    | Note
-------+----------+-------------------------------------------
     0 | D:1      | Setbun the Kobold Brigand began the quest for the Orb.
     0 | D:1      | Reached XP level 1. HP: 12/12 MP: 1/1
    28 | D:1      | Reached skill level 3 in Short Blades
    74 | D:1      | Reached XP level 2. HP: 17/17 MP: 2/2
   166 | D:1      | Reached skill level 4 in Short Blades
   366 | D:1      | Reached XP level 3. HP: 21/21 MP: 3/3
  1163 | D:2      | Reached skill level 5 in Short Blades
  1249 | D:2      | Noticed Natasha
  1250 | D:2      | Reached XP level 4. HP: 24/26 MP: 4/4
  1275 | D:2      | Killed Natasha
  1744 | D:2      | Reached skill level 6 in Short Blades
  2031 | D:2      | Reached XP level 5. HP: 18/30 MP: 5/5
  2306 | D:2      | Noticed Natasha
  2324 | D:2      | Killed Natasha
  2678 | D:2      | Noticed Natasha
  2684 | D:2      | Killed Natasha
  2685 | D:2      | Reached skill level 7 in Short Blades
  2810 | D:3      | Noticed Ijyb
  2811 | D:3      | Killed Ijyb
  2812 | D:3      | Reached XP level 6. HP: 35/35 MP: 6/6
  3124 | D:3      | Found a faded altar of an unknown god.
  3446 | D:3      | Slain by an orc

Illustrated notes

Levels and vault maps discovered:
D:1:      dpeg_arrival_arbitrary_c, layout_basic
D:2:      layout_basic, wad_floor_pattern_2, uniq_natasha
D:3:      layout_basic, hellmonk_ecumenical_altar_heavens_door, uniq_ijyb

Skill      XL: |  1  2  3  4  5 |
---------------+----------------+-----
Short Blades   | 3 4 5 6 7 |  7.8
Fighting       | |  2.1
Throwing       | |  2.1
Dodging        | |  1.2
Stealth        | |  5.3

Action                   |  1- 3 |  4- 6 || total
-------------------------+-------+-------++-------
Melee: Dagger            |    78 |   101 ||   179
       Punch             |     1 |       ||     1
  Use: Potion            |       |     4 ||     4
 Stab: Sleeping          |    16 |    15 ||    31
Armor: Robe              |    14 |     6 ||    20
Dodge: Dodged            |    53 |    32 ||    85

Table legend: (Time is in decaauts)
 A = Elapsed time spent in this place.
 B = Non-inter-level travel time spent in this place.
 C = Inter-level travel time spent in this place.
 D = Time resting spent in this place.
 E = Time spent auto-exploring this place.
 F = Levels seen in this place.
 G = Mean time per level.
                   A        B        C        D        E       F      G
               +--------+--------+--------+--------+--------+-----+--------+
         Total |   3390 |   3351 |     39 |    394 |   2595 |   3 | 1130.0 |
       Dungeon |   3390 |   3351 |     39 |    394 |   2595 |   3 | 1130.0 |
               +--------+--------+--------+--------+--------+-----+--------+

Top non-repeatable levels by time:
     D:2: 1663 daAuts
     D:1: 1103 daAuts
     D:3: 623 daAuts
